 Dungeon Crawl Stone Soup version 0.30.1-6-gbe392663c4 (webtiles) character file.

Game seed: 1078700279938167738

1568 NullDivider the Sneak (level 8, -4/46 HPs)
             Began as an Octopode Venom Mage on Sept 20, 2023.
             Slain by an ice beast (8 damage)
             ... on level 6 of the Dungeon.
             The game lasted 00:45:07 (7142 turns).

NullDivider the Sneak (Octopode Venom Mage)         Turns: 7142, Time: 00:45:10

Health: -4/46      AC:  1    Str: 12    XL:     8   Next: 90%
Magic:  14/14      EV: 14    Int: 23    God:
Gold:   145        SH:  0    Dex: 11    Spells: 9/16 levels left

rFire   . . .        v - +6 dagger of Action {heavy, rElec rN+ Str+4 Dex-3}
rCold   . . .        (no shield)
rNeg    + . .        (helmet restricted)
rPois   .            z - amulet of regeneration
rElec   +            u - +6 ring of intelligence
rCorr   .            (no ring)
SInv    .            (no ring)
Will    .....        (no ring)
Stlth   ++++         (no ring)
HPRegen 1.07/turn    (no ring)
MPRegen 0.14/turn    (no ring)
                     (no ring)

%: no passive effects
@: no status effects
A: almost no armour, amphibious, 8 rings, camouflage 1, gelatinous body 1,
(nimble swimmer 1), tentacles
a: no special abilities


You were on level 6 of the Dungeon.
You visited 1 branch of the dungeon, and saw 6 of its levels.
You also visited: Sewer.

You collected 348 gold pieces.
You spent 203 gold pieces at shops.

Inventory:

Hand Weapons
 o - a +2 dagger of freezing
 v - the +6 dagger of Action (weapon) {heavy, rElec rN+ Str+4 Dex-3}
   (You bought it in a shop on level 3 of the Dungeon)

   Str:       It affects your strength (+4).
   Dex:       It affects your dexterity (-3).
   rElec:     It insulates you from electricity.
   rN:        It protects you from negative energy.
 x - a +1 dagger of venom
Jewellery
 u - a +6 ring of intelligence (left tentacle)
 z - an amulet of regeneration (around mantle)
Scrolls
 b - 2 scrolls of fear
 c - 2 scrolls of vulnerability {unknown}
 e - 4 scrolls of identify
 f - a scroll of silence {unknown}
 i - 2 scrolls of enchant weapon {unknown}
 j - a scroll of torment {unknown}
 k - 2 scrolls of blinking {unknown}
 l - 3 scrolls of fog {unknown}
 r - 4 scrolls of enchant armour
 t - 4 scrolls of teleportation
 w - a scroll of immolation {unknown}
 y - a scroll of amnesia {unknown}
Potions
 a - 3 potions of magic
 d - 5 potions of flight
 g - 2 potions of ambrosia {unknown}
 h - 2 potions of heal wounds {unknown}
 m - 2 potions of lignification {unknown}
 n - a potion of curing {unknown}
 p - a potion of mutation {unknown}
 q - a potion of attraction {unknown}
 s - a potion of might {unknown}


   Skills:
 + Level 3.8 Short Blades
 + Level 4.9 Dodging
 + Level 6.9 Stealth
 + Level 4.5 Spellcasting
 - Level 1.0 Transmutations
 + Level 4.0 Air Magic
 + Level 6.5 Poison Magic


You had 9 spell levels left.
You knew the following spells:

 Your Spells              Type           Power      Damage    Failure   Level
a - Sting                 Tmut/Pois      88%        1d7       2%          1
b - Poisonous Vapours     Pois/Air       58%        N/A       1%          2
c - Mephitic Cloud        Conj/Pois/Air  21%        N/A       7%          3
d - Foxfire               Conj/Fire      20%        2x1d5     10%         1

Your spell library contained the following spells:

 Spells                   Type           Power      Damage    Failure   Level
 Olgreb's Toxic Radiance  Pois           35%        N/A       7%          4
 Fireball                 Conj/Fire      2%         3d4       95%         5
 Plasma Beam              Fire/Air       7%         2x1d19    100%        6
 Starburst                Conj/Fire      2%         6d3       100%        6


Dungeon Overview and Level Annotations

Branches:
Dungeon (6/15)              Sewer (visited)
 Temple: D:4-7

Altars:
Yredelemnul

Shops:
D:3 (

Annotations:
D:5 2 transporters


Innate Abilities, Weirdness & Mutations

You cannot wear most types of armour.
You are amphibious.
You can wear up to eight rings at the same time.
Your skin changes colour to match your surroundings (Stealth+).
Your rubbery body absorbs attacks. (AC +1, EV +1)
((You are camouflaged when in or above water. (Stealth+)))
You have tentacles for arms and can constrict up to eight enemies at once.


Message History

Things that are here:
a +0 shortbow; a centaur corpse
Items here: )))) ††.
Casting: Foxfire (safe; 10% risk of failure)
Confirm with . or Enter, or press ? or * to list all spells.
Aiming: Sting (safe; 2% risk of failure)
Press: ? - help, Shift-Dir - straight line, f - ice beast
Aim: an ice beast (76% to hit)
The sting hits the ice beast but does no damage.
The ice beast is poisoned.
You barely miss the ice beast. You squeeze the ice beast.
The ice beast is lightly wounded.
The ice beast hits you. The ice beast freezes you!
You hit the ice beast.
The ice beast is lightly wounded.
The ice beast hits you. The ice beast freezes you.
You hit the ice beast but do no damage. Your squeeze misses the ice beast.
The ice beast is lightly wounded.
The ice beast barely misses you. The ice beast closely misses you.
You closely miss the ice beast. Your squeeze misses the ice beast.
The ice beast is lightly wounded.
The ice beast closely misses you.
You hit the ice beast but do no damage.
You squeeze the ice beast, but do no damage.
The ice beast is lightly wounded.
The ice beast completely misses you.
You hit the ice beast. You squeeze the ice beast.
The ice beast is moderately wounded.
The ice beast hits you. The ice beast freezes you!
You closely miss the ice beast.
The ice beast is heavily wounded.
The ice beast looks more healthy.
The ice beast barely misses you.
You hit the ice beast.
The ice beast is heavily wounded.
The ice beast hits you. The ice beast freezes you!
* * * LOW HITPOINT WARNING * * *
The ice beast hits you.
* * * LOW HITPOINT WARNING * * *
The ice beast freezes you!
You die...

########## #........#
#........# #........#
#........# #........#
##########........#
###.....5Y@.........#
.........###........#
#...###.## #........#
.. ##..# #........#
#..## ###.######
#.....## #.# #....$#
##.# ........# #..#
........# ##.##


You could see an ice beast and a shadow imp.

Vanquished Creatures
  Pikel (D:4)
  2 centaurs
  2 lemures (D:4)
  2 phantoms (D:5)
  2 scorpions
  2 howler monkeys
  A jelly (D:5)
  Crazy Yiuf (D:3)
  An orc priest (D:6)
  2 iguanas
  Robin (D:2)
  13 adders
  6 river rats (Sewer)
  14 gnolls
  A shadow imp (D:6)
  2 white imps (D:5)
  3 worms
  3 dart slugs
  10 orcs
  15 bats
  7 endoplasms
  4 giant cockroaches
  8 hobgoblins
  10 jackals
  5 kobolds
  4 quokkas
  13 ball pythons
  4 frilled lizards
  14 goblins
  5 rats
158 creatures vanquished.

Vanquished Creatures (others)
  A bat (D:3)
  A kobold skeleton (D:3)
  10 foxfires
12 creatures vanquished.

Grand Total: 170 creatures vanquished

Notes
Turn   | Place    | Note
-------+----------+-------------------------------------------
     0 | D:1      | NullDivider the Octopode Venom Mage began the quest for the
                  | Orb.
     0 | D:1      | Reached XP level 1. HP: 11/11 MP: 3/3
   264 | D:1      | Reached XP level 2. HP: 16/17 MP: 3/5
   993 | D:1      | Reached XP level 3. HP: 21/21 MP: 6/6
  1518 | D:1      | Learned a level 2 spell: Poisonous Vapours
  1522 | D:1      | Learned a level 3 spell: Mephitic Cloud
  1666 | D:2      | Found a faded altar of an unknown god.
  1836 | D:2      | Noticed Robin
  1942 | D:2      | Killed Robin
  2022 | D:2      | Reached XP level 4. HP: 27/27 MP: 5/7
  2941 | D:3      | Reached skill level 1 in Air Magic
  3012 | D:3      | Found a runed translucent door.
  3012 | D:3      | Noticed a human
  3126 | D:3      | Found a basalt altar of Yredelemnul.
  3216 | D:3      | Found Foophyqo's Antique Weapon Emporium.
  3296 | D:3      | Reached XP level 5. HP: 31/31 MP: 4/9
  3701 | D:3      | Found a runed translucent door.
  3702 | D:3      | Noticed Crazy Yiuf
  3847 | D:3      | Killed Crazy Yiuf
  3976 | D:4      | Reached skill level 1 in Short Blades
  4108 | D:3      | Bought an ancient dagger for 203 gold pieces
  4108 | D:3      | Identified the +6 dagger of Action {heavy, rElec rN+ Str+4
                  | Dex-3} (You bought it in a shop on level 3 of the Dungeon)
  4155 | D:4      | Reached XP level 6. HP: 36/36 MP: 1/10
  4577 | D:4      | Reached skill level 5 in Poison Magic
  4633 | D:4      | Noticed Pikel
  4651 | D:4      | Killed Pikel
  4652 | D:4      | Reached skill level 5 in Stealth
  4652 | D:4      | Reached XP level 7. HP: 14/41 MP: 5/12
  4884 | D:4      | Reached XP level 8. HP: 31/46 MP: 3/13
  5155 | D:5      | Entered Level 5 of the Dungeon
  5218 | D:5      | Found a glowing drain.
  5242 | Sewer    | Entered a sewer
  6245 | D:5      | Learned a level 1 spell: Foxfire
  6276 | D:5      | Found a transporter.
  6798 | D:5      | Found a transporter.
  7142 | D:6      | Slain by an ice beast

Illustrated notes

Levels and vault maps discovered:
D:1:      onia_arrival_mini_spirals, layout_basic, serial_co_window_serial,
          co_window_paths_a, co_window_paths_b, co_window_paths_b,
          co_window_of_opportunity_a, co_window_of_opportunity_a,
          co_window_of_opportunity_a, co_window_corner_a, co_window_2corner,
          co_window_corner_b, co_window_unsneaky_path_d, co_window_paths_d,
          glass_columns_a
D:2:      layout_basic, shapermc_ecumenical_altar_starsandcircs, uniq_robin
D:3:      layout_basic, dk_yredelemnul_ordeal, serial_shops, shop,
          kennysheep_generic_room_15, uniq_crazy_yiuf_cottage
D:4:      layout_loops_ring, uniq_pikel
D:5:      gammafunk_wand_slinger, layout_basic, cheibrodos_sewer_entry_bend,
          kennysheep_generic_room_13
D:6:      layout_rooms, minmay_temple_entry_grid, serial_shops,
          nicolae_shop_tiny_statue_garden

Skill      XL: |  1  2  3  4  5  6  7  8 |
---------------+-------------------------+-----
Stealth        | 3 4 5 6 |  6.9
Poison Magic   | 4 5 6 |  6.5
Air Magic      | 1 3 4 |  4.0
Dodging        | 3 4 |  4.9
Short Blades   | 1 2 3 |  3.8
Spellcasting   | 3 4 |  4.5
Transmutations | |  1.0

Action                     |  1- 3 |  4- 6 |  7- 9 || total
---------------------------+-------+-------+-------++-------
  Melee: Unarmed           |    62 |    42 |       ||   104
         Constrict         |    21 |    23 |    18 ||    62
         Tentacles         |    21 |    18 |    19 ||    58
         Punch             |     2 |     3 |     1 ||     6
         Dagger            |       |    46 |   114 ||   160
   Cast: Sting             |    32 |    17 |    10 ||    59
         Poisonous Vapours |     3 |    22 |    21 ||    46
         Mephitic Cloud    |       |     3 |     3 ||     6
         Foxfire           |       |       |     6 ||     6
    Use: Scroll            |       |     2 |     2 ||     4
   Stab: Sleeping          |     7 |    10 |    14 ||    31
         Confused          |       |     1 |     1 ||     2
 Armour: Skin              |     6 |     4 |     6 ||    16
  Dodge: Dodged            |    44 |    41 |   105 ||   190
